 Dungeon Crawl Stone Soup version 0.24.0-13-gcf9b3192b9 (webtiles) character file.

Game seed: 5136664783872973868, levelgen mode: deterministic

9149 Amplified the Cleaver (level 11, -10/102 HPs)
             Began as a Minotaur Monk on Nov 9, 2019.
             Was an Elder of the Shining One.
             Engulfed by a cloud of flame (25 damage)
             ... in a Gauntlet.
             The game lasted 00:13:49 (9524 turns).

Amplified the Cleaver (Minotaur Monk)               Turns: 9524, Time: 00:13:50

Health: -10/102    AC: 13    Str: 17    XL:     11   Next: 19%
Magic:  4/15       EV: 11    Int: 10    God:    the Shining One [****..]
Gold:   631        SH: 21    Dex: 12    Spells: 10/10 levels left

rFire    . . .     SeeInvis .   u - +1 war axe of Viozo {chop, rPois Str-2 Int+2 Stlth+}
rCold    . . .     Gourm    .   n - +4 shield {reflect}
rNeg     + + .     Faith    +   h - +2 scale mail
rPois    +         Spirit   .   (helmet restricted)
rElec    .         Reflect  +   k - +2 cloak {+Inv}
rCorr    .         Harm     .   (no gloves)
MR       .....     NoTele   +   (no boots)
Stlth    +.........             i - amulet of faith
HPRegen  0.27/turn              j - ring of poison resistance
MPRegen  0.14/turn              y - ring of stealth

@: divine shield, glowing
A: retaliatory headbutt, horns 2
a: Divine Shield, Cleansing Flame, Renounce Religion, Evoke Invisibility


You were in a Gauntlet.
You worshipped the Shining One.
The Shining One was greatly pleased with you.
You were not hungry.

You visited 2 branches of the dungeon, and saw 12 of its levels.
You also visited: Gauntlet.

You collected 631 gold pieces.

Inventory:

Hand Weapons
 u - the +1 war axe of Viozo (weapon) {chop, rPois Str-2 Int+2 Stlth+}
   (You found it on level 8 of the Dungeon)

   It inflicts extra damage upon your enemies.
   It affects your strength (-2).
   It affects your intelligence (+2).
   It protects you from poison.
   It makes you more stealthy.
 A - a +3 executioner's axe of chopping
Missiles
 s - 12 poisoned darts (quivered)
Armour
 b - a +0 robe
 d - the +1 robe "Enoinacsib" {MR++}
   (You found it on level 5 of the Dungeon)

   It affects your resistance to hostile enchantments.
 h - a +2 scale mail (worn)
 k - a +2 cloak of invisibility (worn)
 n - a +4 shield of reflection (worn)
Jewellery
 g - an uncursed amulet of the acrobat
 i - an amulet of faith (around neck)
 j - a ring of poison resistance (left hand)
 q - an uncursed amulet of the acrobat
 v - an uncursed ring of see invisible
 y - a ring of stealth (right hand)
Wands
 e - a wand of enslavement (6)
 r - a wand of polymorph (19)
 x - a wand of digging (4)
Scrolls
 a - a scroll of enchant weapon
 l - 9 scrolls of remove curse
 m - a scroll of fog
 p - a scroll of magic mapping
 t - 2 scrolls of amnesia
Comestibles
 c - 11 rations


   Skills:
 * Level 11.2 Fighting
 * Level 11.2 Axes
 * Level 7.3 Armour
 * Level 7.6 Dodging
 - Level 1.5 Stealth
 - Level 4.1 Shields
 * Level 7.3 Invocations


You had 10 spell levels left.
You didn't know any spells.
Your spell library contained the following spells:

 Spells                   Type           Power        Failure   Level  Hunger
 Animate Skeleton         Necr           N/A          99%         1    ##.....
 Apportation              Tloc           #.....       99%         1    ##.....
 Pain                     Necr           #...         99%         1    ##.....
 Sandblast                Erth           #.....       99%         1    ##.....
 Passwall                 Tmut/Erth      #.......     100%        2    ###....
 Swiftness                Chrm/Air       #.......     100%        2    ###....
 Mephitic Cloud           Conj/Pois/Air  #.......     100%        3    ####...
 Regeneration             Chrm/Necr      #.........   100%        3    ####...
 Stone Arrow              Conj/Erth      #.....       100%        3    ####...
 Vampiric Draining        Necr           #.........   100%        3    ####...
 Airstrike                Air            #.........   100%        4    #####..
 Animate Dead             Necr           N/A          100%        4    #####..
 Petrify                  Tmut/Erth      #.......     100%        4    #####..
 Lee's Rapid Deconstruct  Erth           #.........   100%        5    ######.
 Controlled Blink         Tloc           N/A          100%        8    #######


Dungeon Overview and Level Annotations

Branches:
Dungeon (11/15)            Temple (1/1) D:5            Lair (0/6) D:11
Gauntlet (1/1)
    Orc: D:9-12

Altars:
Ashenzari
Cheibriados
Dithmenos
Elyvilon
Fedhas
Gozag
Hepliaklqana
Kikubaaqudgha
Makhleb
Nemelex Xobeh
Okawaru
Qazlal
Sif Muna
Trog
Uskayaw
Vehumet
Wu Jian
Xom
Yredelemnul
Zin
The Shining One

Annotations:
D:7 2 transporters, Grum
D:8 1 runed translucent door, barb4r1an's ghost, novice DDFi Gauntlet 17 transporters


Innate Abilities, Weirdness & Mutations

You reflexively headbutt those who attack you in melee.
You have a pair of horns on your head.


Message History

The fire crab is severely wounded.
You block the fire crab's attack. x2
Unknown command.
Unknown command.
Unknown command.
Unknown command.
Okay, then.
You slash the fire crab!
The fire crab is almost dead.
The fire crab breathes flames at you. The blast of flame engulfs you.
* * * LOW HITPOINT WARNING * * *
Unknown command.
Unknown command.
Unknown command.
Unknown command.
You slash the fire crab!
You kill the fire crab!
You are engulfed in blazing flames.
You die...

.##### ######################
.#§≈8§≈#©.........©.........©#≈≈8
.################################
.#D....#...#.#...=©.!..#.#.......
.#h.##..#..#.#####.##.##.#...###.
.#D.#..##..#.##.##○##.##.#....#..
.#..##..#..#.#.○○○.....#.#.#.©#..
©#©.#.©##..#.###○##. #.#.#.######
##..##..#..#.###@##.##.#.#.#..#..
.#(.#..##..#.##○○#....##.#....#..
.#..##..#..#.#○##○##.###.#s..###.
.#.....#...#.#○##○##.###.#Z......
.###########.###########.########
..................©..............
.................................
#################.∩.#############
8# #8# #8# #8# #...# #8# #8# #8


There were no monsters in sight!

Vanquished Creatures
  A two-headed ogre (D:7)
  A fire crab (Gauntlet)
  A manticore (D:11)
  A centaur zombie (D:10)
  Joseph (D:7)
  A troll (D:11)
  2 hippogriffs
  3 fire bats (Gauntlet)
  A human (D:10)
  A hungry ghost (D:9)
  2 wargs (D:11)
  14 soldier ants (D:9)
  2 water moccasins
  2 sky beasts
  3 orc warriors
  An ice beast (D:5)
  A phantom (D:8)
  2 black bears
  5 ogres
  2 centaurs
  A big kobold (D:7)
  Blork the orc (D:5)
  6 bullfrogs
  A scorpion (D:4)
  5 wights (D:11)
  2 howler monkeys
  A crimson imp (D:8)
  2 bullfrog zombies
  4 hounds
  5 orc priests
  Crazy Yiuf (D:3)
  8 orc wizards
  A bullfrog skeleton (D:5)
  A centaur skeleton (D:4)
  2 iguanas (D:10)
  22 worker ants
  4 hound skeletons
  3 worker ant zombies
  4 gnolls (D:8)
  6 adders
  A howler monkey skeleton (D:5)
  A shadow imp (D:7)
  4 worms
  A dart slug (D:1)
  8 leopard geckos
  24 orcs
  2 giant cockroaches
  4 goblins
  7 hobgoblins
  21 jackals
  3 quokkas
  10 bats
  4 frilled lizards
  A jackal skeleton (D:5)
  10 kobolds
  A leopard gecko skeleton (D:6)
  A leopard gecko zombie (D:6)
  8 rats
238 creatures vanquished.

Vanquished Creatures (others)
  14 demonic plants (Gauntlet)
  6 plants (D:7)
20 creatures vanquished.

Grand Total: 258 creatures vanquished

Notes
Turn   | Place    | Note
-------+----------+-------------------------------------------
     0 | D:1      | Amplified the Minotaur Monk began the quest for the Orb.
     0 | D:1      | Reached XP level 1. HP: 19/19 MP: 0/0
   102 | D:1      | Reached XP level 2. HP: 21/27 MP: 1/1
   479 | D:1      | You fall into a shaft and drop 1 floor!
   500 | D:2      | Reached skill level 1 in Armour
   722 | D:2      | Reached XP level 3. HP: 33/33 MP: 2/2
   833 | D:2      | Reached XP level 4. HP: 27/41 MP: 3/3
  1529 | D:3      | Found a white marble altar of Elyvilon.
  1601 | D:3      | Reached skill level 5 in Axes
  1615 | D:3      | Reached XP level 5. HP: 28/47 MP: 4/4
  1673 | D:3      | Reached skill level 5 in Fighting
  1799 | D:3      | Found an ancient bone altar of Kikubaaqudgha.
  1799 | D:3      | Found a blossoming altar of Fedhas.
  1886 | D:3      | Found a stormy altar of Qazlal.
  2014 | D:3      | Found a burning altar of Makhleb.
  2070 | D:3      | Found a runed translucent door.
  2071 | D:3      | Noticed Crazy Yiuf
  2296 | D:3      | Killed Crazy Yiuf
  2424 | D:4      | Reached XP level 6. HP: 45/56 MP: 5/5
  3058 | D:5      | Entered Level 5 of the Dungeon
  3152 | D:5      | Noticed an ice beast
  3180 | D:5      | Got a silken robe
  3313 | D:5      | Identified the +1 robe "Enoinacsib" {MR++} (You found it on
                  | level 5 of the Dungeon)
  3343 | D:5      | Found a basalt altar of Yredelemnul.
  3383 | D:5      | Killed an ice beast
  3383 | D:5      | Reached XP level 7. HP: 54/64 MP: 6/6
  3388 | D:5      | Noticed Blork the orc
  3411 | D:5      | Killed Blork the orc
  3416 | D:5      | Reached skill level 5 in Dodging
  3941 | D:5      | Found a staircase to the Ecumenical Temple.
  4111 | Temple   | Entered the Ecumenical Temple
  4322 | Temple   | Became a worshipper of the Shining One
  4322 | Temple   | Reached * piety under the Shining One
  4322 | Temple   | Reached ** piety under the Shining One
  4373 | D:6      | Reached skill level 1 in Invocations
  4373 | D:6      | Reached XP level 8. HP: 48/73 MP: 7/7
  4711 | D:6      | Identified the Tome of Flight and Translocation
  4974 | D:7      | Noticed Joseph
  5013 | D:8      | Reached skill level 5 in Armour
  5357 | D:8      | Noticed a two-headed ogre
  5373 | D:8      | Noticed a +0 hand axe
  5373 | D:8      | Noticed a +0 dagger
  5376 | D:8      | Found a hide-covered altar of Uskayaw.
  5398 | D:8      | Reached XP level 9. HP: 47/82 MP: 7/10
  6256 | D:9      | Noticed a queen ant
  6256 | D:9      | Reached *** piety under the Shining One
  6318 | D:10     | Entered Level 10 of the Dungeon
  6710 | D:10     | Reached skill level 5 in Invocations
  7140 | D:9      | Reached skill level 1 in Shields
  7140 | D:9      | Reached XP level 10. HP: 90/93 MP: 10/13
  7143 | D:9      | Reached skill level 10 in Axes
  7438 | D:8      | Got a transparent war axe
  7439 | D:8      | Identified the +1 war axe of Viozo {chop, rPois Str-2 Int+2
                  | Stlth+} (You found it on level 8 of the Dungeon)
  7474 | D:8      | Found a runed translucent door.
  7477 | D:8      | Noticed barb4r1an's ghost (novice DDFi)
  7522 | D:8      | Reached skill level 10 in Fighting
  7703 | D:7      | Killed Joseph
  7753 | D:7      | Found a transporter.
  7807 | D:7      | Noticed a two-headed ogre
  7814 | D:7      | Killed a two-headed ogre
  7882 | D:7      | Found a transporter.
  7886 | D:7      | Noticed Grum
  7888 | D:7      | Identified the ring "Jiesch" {rN+ MR- Dex+2 SInv Stlth+}
  8318 | D:9      | Found a bloodstained altar of Trog.
  8485 | D:9      | Identified a scroll of acquirement
  8601 | D:9      | Noticed a satyr
  8601 | D:9      | a queen ant changed into a satyr
  8910 | D:11     | Noticed a purple ugly thing
  8998 | D:11     | Noticed a manticore
  9008 | D:11     | Killed a manticore
  9016 | D:11     | Reached **** piety under the Shining One
  9053 | D:11     | Reached XP level 11. HP: 85/102 MP: 15/15
  9068 | D:11     | Found a staircase to the Lair.
  9087 | D:11     | Found a gate leading to a gauntlet.
  9107 | Gauntlet | Entered a Gauntlet
  9107 | Gauntlet | Found a transporter.
  9116 | Gauntlet | Found a transporter.
  9117 | Gauntlet | Noticed a fire crab
  9118 | Gauntlet | Found a transporter.
  9124 | Gauntlet | Noticed a death scarab
  9125 | Gauntlet | Found a transporter.
  9140 | Gauntlet | Found a transporter.
  9145 | Gauntlet | Found a transporter.
  9160 | Gauntlet | Found a transporter.
  9161 | Gauntlet | Noticed a ghost crab
  9179 | Gauntlet | Found a transporter.
  9191 | Gauntlet | Found a transporter.
  9191 | Gauntlet | Noticed a ghost crab
  9203 | Gauntlet | Found a transporter.
  9214 | Gauntlet | Noticed a fire crab
  9215 | Gauntlet | Found a transporter.
  9227 | Gauntlet | Found a transporter.
  9233 | Gauntlet | Found a transporter.
  9233 | Gauntlet | Found a transporter.
  9239 | Gauntlet | Noticed a death ooze
  9272 | Gauntlet | Found a transporter.
  9299 | Gauntlet | Found a transporter.
  9377 | Gauntlet | Found a transporter.
  9380 | Gauntlet | Reached ***** piety under the Shining One
  9399 | Gauntlet | Found a transporter.
  9524 | Gauntlet | Killed a fire crab
  9524 | Gauntlet | Engulfed by a cloud of flame

Levels and vault maps discovered:
D:1:      arrival_zaba_pyramid, layout_loops_ring
D:2:      layout_basic
D:3:      layout_basic, grunt_temple_overflow_growth_and_decay,
          makhleb_heckhound_becter, nicolae_overflow_crystal_walls,
          lemuel_doored_altar, uniq_crazy_yiuf_cottage
D:4:      layout_basic, first_ration
D:5:      layout_gridville, yredelemnul_altar_generic,
          minmay_temple_entry_from_below_a, uniq_blork_the_orc
D:6:      layout_loops_cross
D:7:      layout_loops_ring, gammafunk_ghost_gnarly_gnolls,
          minmay_misc_feat_ornament, uniq_joseph
D:8:      layout_cave_pods, dancing_weapons_uskayaw,
          ebering_ghost_reflecting_pool
D:9:      layout_long_grid, lemuel_round_altar, lemuel_crystal_altar,
          minivault_29
D:10:     layout_basic, grunt_pizzeria
D:11:     layout_gridville, erik_lair_orcish_takeover, gauntlet_entry_generic,
          uniq_fannar
Temple:   nicolae_temple_figure_eight
Gauntlet: gammafunk_gauntlet_one_two_three [gammafunk_gauntlet_arena_crates,
          nicolae_gauntlet_arena_t_cross, gammafunk_gauntlet_arena_teeth,
          gammafunk_gauntlet_arena_corners, gammafunk_gauntlet_arena_grid,
          gammafunk_gauntlet_arena_split_x,
          gammafunk_gauntlet_arena_arrow_garden,
          nicolae_gauntlet_arena_flowing_pool, nicolae_gauntlet_arena_x,
          gauntlet_exit_hidden_loot]

Skill      XL: |  1  2  3  4  5  6  7  8  9 10 11 |
---------------+----------------------------------+-----
Axes           | 4 5 6 7 8 9 11 | 11.2
Fighting       | 4 5 6 7 8 9 11 | 11.2
Armour         | 1 2 3 4 5 6 7 |  7.3
Dodging        | 4 5 6 7 |  7.6
Invocations    | 1 3 5 7 |  7.3
Shields        | 1 4 |  4.1
Stealth        | |  1.5

Action                   |  1- 3 |  4- 6 |  7- 9 | 10-12 || total
-------------------------+-------+-------+-------+-------++-------
Melee: Hand axe          |    72 |   162 |   218 |       ||   452
       Headbutt          |     6 |    22 |    65 |    34 ||   127
       War axe           |       |       |    79 |   215 ||   294
Throw: Dart              |       |    11 |     2 |       ||    13
Invok: Divine Shield     |       |       |     8 |     6 ||    14
       Cleansing Flame   |       |       |       |     2 ||     2
Evoke: Wand              |       |     1 |       |     1 ||     2
  Use: Scroll            |     5 |    11 |     4 |    10 ||    30
       Potion            |       |     6 |     5 |     5 ||    16
  Eat: Ration            |       |     2 |     3 |     1 ||     6
       Chunk             |       |     1 |     4 |     8 ||    13
Armor: Robe              |     2 |       |       |       ||     2
       Scale mail        |    20 |    76 |   113 |    49 ||   258
Dodge: Dodged            |    42 |    95 |   130 |    80 ||   347
Block: Other             |       |       |    23 |       ||    23
       Buckler           |       |       |    13 |    10 ||    23
       Shield            |       |       |       |   142 ||   142
       Reflection        |       |       |       |     4 ||     4
